 Dungeon Crawl Stone Soup version 0.21-a0-1-gaf3b9a5 (webtiles) character file.

189 Onaxys the Skirmisher (level 5, -3/57 HPs)
             Began as an Ogre Berserker on May 20, 2017.
             Was a Priest of Trog.
             Slain by an orc priest
             ... wielding a +0 trident
              (4 damage)
             ... on level 4 of the Dungeon.
             The game lasted 00:09:36 (3019 turns).

Onaxys the Skirmisher (Ogre Berserker)              Turns: 3019, Time: 00:09:38

Health: -3/57      AC:  3    Str: 22    XL:     5   Next: 68%
Magic:  5/5        EV: 10    Int:  8    God:    Trog [***...]
Gold:   165        SH:  0    Dex:  8    Spells: 4/4 levels left

rFire    . . .     SeeInvis .   a - +0 mace
rCold    . . .     Gourm    .   (no shield)
rNeg     . . .     Faith    .   d - +0 robe
rPois    .         Spirit   .   (helmet restricted)
rElec    .         Reflect  .   (no cloak)
rCorr    .         Harm     .   (gloves unavailable)
MR       .....                  (boots unavailable)
Stlth    +.........             (no amulet)
Regen    0.2/turn               (no ring)
MPRegen  0.1/turn               (no ring)

@: slowed, very slow
A: unfitting armour, tough skin 1
a: Berserk, Trog's Hand, Burn Spellbooks, Renounce Religion


You were on level 4 of the Dungeon.
You worshipped Trog.
Trog was most pleased with you.
You were hungry.

You visited 1 branch of the dungeon, and saw 4 of its levels.

You collected 165 gold pieces.

Inventory:

Hand Weapons
 a - a +0 mace (weapon)
Armour
 b - a +0 animal skin
 d - a +0 robe (worn)
Jewellery
 A - an uncursed ring of stealth {unknown}
Wands
 z - a wand of digging (14/24)
Scrolls
 e - 2 scrolls of amnesia {unknown}
 f - 3 scrolls of remove curse {unknown}
 j - a scroll of enchant armour {unknown}
 l - 2 scrolls of enchant weapon {unknown}
 m - a scroll of fear {unknown}
 n - a scroll of teleportation {unknown}
 p - 2 scrolls of immolation {unknown}
 r - a scroll of magic mapping {unknown}
 y - 2 scrolls of identify {unknown}
Potions
 g - 2 potions of magic {unknown}
 h - a potion of flight {unknown}
 k - 2 potions of might {unknown}
 q - 3 potions of curing {unknown}
 t - a potion of agility {unknown}
 u - a potion of mutation {unknown}
 v - a potion of degeneration {unknown}
Books
 x - a book of Conjurations

   Spells                             Type                      Level
   a - Magic Dart                     Conjuration                  1
   b - Searing Ray                    Conjuration                  2
   c - Dazzling Spray                 Conjuration/Hexes            3
   d - Fulminant Prism                Conjuration/Hexes            4
   e - Force Lance                    Conjuration/Translocation    4
   f - Iskenderun's Mystic Blast      Conjuration                  4
   Trog disapproves of the use of such an item.
Comestibles
 c - 3 bread rations
 i - 3 meat rations
 o - 4 fruits
 s - a royal jelly
 w - 2 chunks of flesh


   Skills:
 + Level 5.3 Fighting
 + Level 4.2 Maces & Flails
 + Level 3.6 Dodging
 + Level 0.5 Stealth


You had 4 spell levels left.
You didn't know any spells.

Dungeon Overview and Level Annotations

Branches:
Dungeon (4/15)
 Temple: D:4-7

Altars:
Sif Muna
Vehumet


Innate Abilities, Weirdness & Mutations

You are too large for most types of armour.
You have tough skin. (AC +1)


Message History

You sock the orc!
You kill the orc!
Trog accepts your kill.
The orc priest invokes the aid of Beogh against you.
Beogh smites you!
The orc priest hits you from afar with a trident.
The orc barely misses you.
You hit the orc.
The orc is moderately wounded.
The orc priest hits you from afar with a trident.
* * * LOW HITPOINT WARNING * * *
The orc barely misses you.
You hit the orc.
The orc is almost dead.
The orc priest invokes the aid of Beogh against you.
Beogh smites you!
* * * LOW HITPOINT WARNING * * *
The orc hits you but does no damage.
The orc priest hits you from afar with a trident.
You die...

#.# ...###. #.# #
#.##.# .##.#..#
..#.#.## #.#.#.#
#.#.#.#
...####.#...#######
...................
####@##.#.######
##o##.#.#
##..o....##
#.........#
..............#
#..............#
#.......$......#
#..............o.
...$..........#..


You could see an orc priest and an orc.

Vanquished Creatures
  An orc wizard (D:3)
  Robin (D:3)
  An adder (D:3)
  2 oozes (D:1)
  An adder skeleton (D:4)
  A worm (D:3)
  2 dart slugs (D:2)
  5 leopard geckos
  14 orcs
  6 giant cockroaches
  12 goblins
  10 hobgoblins
  12 jackals
  6 kobolds
  8 bats
  6 frilled lizards
  A jackal skeleton (D:4)
  10 rats
  A bush (D:3)
100 creatures vanquished.

Notes
Turn   | Place    | Note
-------+----------+-------------------------------------------
     0 | D:1      | Onaxys the Ogre Berserker began the quest for the Orb.
     0 | D:1      | Reached XP level 1. HP: 24/24 MP: 1/1
    25 | D:1      | Reached XP level 2. HP: 5/32 MP: 2/2
   634 | D:1      | Reached XP level 3. HP: 39/40 MP: 3/3
   917 | D:2      | Reached ** piety under Trog
  1467 | D:2      | Reached XP level 4. HP: 45/49 MP: 4/4
  1479 | D:2      | Found a deep blue altar of Sif Muna.
  1808 | D:3      | Found a deep blue altar of Sif Muna.
  1808 | D:3      | Found a radiant altar of Vehumet.
  2268 | D:3      | Reached skill level 5 in Fighting
  2374 | D:3      | Reached XP level 5. HP: 44/57 MP: 5/5
  2553 | D:3      | Noticed Robin
  2557 | D:3      | Reached *** piety under Trog
  2562 | D:3      | Killed Robin
  3019 | D:4      | HP: 1/57 [orc priest/divine providence (13)]
  3019 | D:4      | Slain by an orc priest

Vault maps used:
D:1:      dpeg_arrival_shelter
D:2:      lemuel_blue_sif_altar
D:3:      gammafunk_temple_overflow_wave, uniq_robin
D:4:      first_bread

Skill      XL: |  1  2  3  4  5 |
---------------+----------------+-----
Dodging        | 3 |  3.6
Maces & Flails | 3 4 |  4.2
Fighting       | 5 |  5.3
Stealth        | |  0.5

Action                   |  1- 3 |  4- 6 || total
-------------------------+-------+-------++-------
Melee: Mace              |   115 |   245 ||   360
Invok: Berserk           |       |     3 ||     3
  Eat: Chunk             |     2 |     7 ||     9
Armor: Animal skin       |    66 |     8 ||    74
       Robe              |       |    36 ||    36
Dodge: Dodged            |    97 |    94 ||   191
